 Dungeon Crawl Stone Soup version 0.29-a0-23-ga79f92ac9c (webtiles) character file.

Game seed: 7864893910833412595

7 HallandMoats the Ruffian (level 2, 0/26 HPs)
             Began as a Ghoul Monk on Jan 30, 2022.
             Slain by a jackal (2 damage)
             ... on level 1 of the Dungeon.
             The game lasted 00:00:26 (381 turns).

HallandMoats the Ruffian (Ghoul Monk)                Turns: 381, Time: 00:00:27

Health: 0/26       AC:  2    Str: 14    XL:     2   Next: 0%
Magic:  1/1        EV:  9    Int:  5    God:
Gold:   0          SH:  0    Dex: 11    Spells: 1/1 levels left

rFire   . . .      SeeInvis .     - Unarmed
rCold   + . .      Faith    .   (no shield)
rNeg    + + +      Spirit   .   a - +0 robe
rPois   ∞          Reflect  .   (no helmet)
rElec   .          Harm     .   (no cloak)
rCorr   .          Rampage  .   (no gloves)
Will    .....                   (no boots)
Stlth   ++........              (no amulet)
HPRegen 0.00/turn               (no ring)
MPRegen 0.07/turn               (no ring)

@: inhibited regen, constricted
A: claws 1, cold resistance 1, negative energy resistance 3, inhibited
regeneration, torment resistance 2
a: no special abilities


You were on level 1 of the Dungeon.
You visited 1 branch of the dungeon, and saw 1 of its levels.

Inventory:

Armour
 a - a +0 robe (worn)


   Skills:
 + Level 3.4 Fighting
 + Level 0.3 Armour
 + Level 2.8 Dodging
 - Level 2.1 Stealth
 + Level 3.4 Unarmed Combat
 + Level 0.4 Invocations


You had one spell level left.
You didn't know any spells.
Your spell library was empty.

Dungeon Overview and Level Annotations

Branches:
Dungeon (1/15)

Altars:


Innate Abilities, Weirdness & Mutations

You thrive by killing the living.
You are immune to poison.
You have sharp fingernails.
Your flesh is cold resistant. (rC+)
You are immune to negative energy. (rN+++)
You do not regenerate when monsters are visible.
You are immune to unholy pain and torment.


Message History

You are too injured to fight recklessly!
You are too injured to fight recklessly!
You are too injured to fight recklessly!
You are too injured to fight recklessly!
You are too injured to fight recklessly!
You are too injured to fight recklessly!
You are too injured to fight recklessly!
You are too injured to fight recklessly!
You are too injured to fight recklessly!
Unknown command.
The goblin barely misses you.
The kobold shouts!
The jackal barks!
Found an escape hatch in the floor.
The kobold throws a stone.
The stone closely misses you. The jackal bites you.
* * * LOW HITPOINT WARNING * * *
An endoplasm comes into view.
The jackal bites you.
* * * LOW HITPOINT WARNING * * *
The giant cockroach bites you but does no damage.
The jackal misses you.
A jackal and a ball python come into view.
The jackal barks!
You hear a shout!
A jackal comes into view.
Found a stone staircase leading down.
The ball python hisses angrily.
The jackal barks!
A goblin comes into view. It is wielding a +0 club.
The jackal bites you.
* * * LOW HITPOINT WARNING * * *
You hear a shout!
You hear an angry hiss.
The goblin shouts!
The jackal misses you.
The jackal bites you but does no damage.
A ball python comes into view.
A kobold comes into view. It is wielding a +0 dagger.
The jackal misses you. The jackal barely misses you.
The ball python closely misses you. The ball python grabs you.
The ball python constricts you.
* * * LOW HITPOINT WARNING * * *
The jackal bites you.
You die...

.#.......#.....
.........#)........
###..#...............
#....#..##...........
K###.....)........†))...
..........###.K.........
#..#.............#...#.#
#...h.######.#.......#
S.#.g.S@######..#.......
.>....hh##......#......#
........B.gK...........#
..########......##...#.#
. #.......#.....#
#.......#.....#
#.>...........#
#........#. #..J......


You could see 3 jackals, a giant cockroach, a goblin and a ball python.

Vanquished Creatures
  A ball python (D:1)
  A bat (D:1)
  A hobgoblin (D:1)
  A goblin (D:1)
  A kobold (D:1)
  2 rats (D:1)
7 creatures vanquished.

Notes
Turn   | Place    | Note
-------+----------+-------------------------------------------
     0 | D:1      | HallandMoats the Ghoul Monk began the quest for the Orb.
     0 | D:1      | Reached XP level 1. HP: 19/19 MP: 0/0
   334 | D:1      | Reached XP level 2. HP: 12/26 MP: 1/1
   381 | D:1      | Slain by a jackal

Illustrated notes

Levels and vault maps discovered:
D:1:      eino_arrival_cavern_a, layout_rooms, serial_shops,
          nicolae_shop_behind_doors

Action                   || total
-------------------------++-------
Melee: Unarmed           ||    36
 Stab: Sleeping          ||     1
Armor: Robe              ||     9
Dodge: Dodged            ||    31

Table legend: (Time is in decaauts)
 A = Elapsed time spent in this place.
 B = Non-inter-level travel time spent in this place.
 C = Inter-level travel time spent in this place.
 D = Time resting spent in this place.
 E = Time spent auto-exploring this place.
 F = Levels seen in this place.
 G = Mean time per level.
                   A        B        C        D        E       F      G
               +--------+--------+--------+--------+--------+-----+--------+
         Total |    378 |    378 |      0 |      0 |    306 |   1 |  378.0 |
       Dungeon |    378 |    378 |      0 |      0 |    306 |   1 |  378.0 |
               +--------+--------+--------+--------+--------+-----+--------+

Top non-repeatable levels by time:
     D:1: 378 daAuts
